Map: Eternal Empire LE

Players

Massa - Winner!

  • Race: Terran Terran
  • League: Platinum
  • Spawn Location: 7:00

Plikis

  • Race: Zerg Zerg
  • League: Platinum
  • Spawn Location: 1:00

VOD

Have the link to the VOD?

Description

Time

  • Played on: Sept. 3, 2020, 1:58 p.m.
  • Length: 20:06
Show
View Real Time Build Order
Export as new Build Order

Massa Terran - Winner!

Build Orders: Gas First Reaper Expand 

Get SALT Encoding   

  12  0:01  SCV  
  13  0:13  SCV  
  14  0:20  Supply Depot  
  14  0:25  SCV  
  15  0:29  Refinery  
  15  0:42  Barracks  
  15  0:45  SCV  
  16  0:57  SCV  
  17  1:09  SCV  
  18  1:29  Orbital Command  
  18  1:30  Reaper  
  19  1:41  Command Center  
  19  1:59  SCV  
  19  2:00  Factory  
  20  2:02  Marine  
  21  2:11  SCV  
  22  2:24  Barracks Reactor  
  22  2:27  SCV  
  23  2:50  Supply Depot  
  23  2:53  SCV  
  24  3:05  SCV  
  25  3:14  Supply Depot  
  25  3:17  SCV  
  26  3:27  Orbital Command  
  26  3:36  Supply Depot  
  26  3:37  SCV  
  27  3:45  Hellion x2  
  31  3:49  SCV  
  32  4:02  SCV  
  32  4:03  SCV  
  32  4:06  Hellion x2  
  37  4:11  Barracks Tech Lab  
  37  4:14  SCV  
  37  4:15  SCV  
  39  4:21  Barracks  
  39  4:24  Barracks  
  39  4:26  SCV  
  39  4:27  Refinery, SCV  
  39  4:28  Hellion x2  
  45  4:32  Stimpack  
  45  4:37  Marauder  
  45  4:38  SCV  
  48  4:49  Hellion x2  
  52  4:55  SCV x2  
  52  4:59  Starport, Marauder  
  56  5:03  Command Center  
  56  5:07  SCV x2, Engineering Bay  
  56  5:08  Engineering Bay  
  56  5:12  Supply Depot  
  56  5:13  Supply Depot  
  58  5:19  SCV  
  57  5:36  Supply Depot  
  57  5:37  Hellion x2  
  57  5:39  Barracks Reactor x2, Supply Depot  
  57  5:42  Marauder  
  61  5:58  Widow Mine x2  
  61  6:01  Supply Depot  
  65  6:09  Viking  
  67  6:11  SCV  
  67  6:12  SCV  
  69  6:19  Combat Shield  
  69  6:23  SCV  
  69  6:24  SCV  
  69  6:35  SCV  
  69  6:36  SCV  
  69  6:39  Medivac  
  69  6:48  SCV x2  
  65  7:00  SCV x2  
  67  7:03  Widow Mine x2  
  67  7:05  Marauder, Marine  
  67  7:06  Marine x3  
  77  7:10  Orbital Command  
  77  7:12  SCV x2  
  79  7:23  Marine x4  
  79  7:24  SCV x2  
  79  7:25  Widow Mine x2  
  79  7:26  Marauder  
  91  7:41  Marine x4  
  91  7:43  Barracks  
  95  7:44  Barracks  
  95  7:45  Barracks  
  95  7:46  Hellion x2, Factory  
  95  7:48  Marauder  
  101  7:54  Refinery  
  97  7:59  Marine x4  
  97  8:04  Command Center  
  101  8:06  Refinery  
  101  8:08  Terran Infantry Armor Level 1, Terran Infantry Weapons Level 1  
  101  8:09  Marauder  
  101  8:12  Armory  
  103  8:25  Refinery  
  103  8:29  Hellion x2  
  103  8:30  Marauder  
  103  8:32  Factory Tech Lab  
  109  8:36  Barracks Reactor, Barracks Tech Lab  
  109  8:37  Barracks Reactor  
  109  8:39  Marine x4  
  113  8:51  Hellion x2  
  117  9:04  Supply Depot  
  117  9:05  Supply Depot x3  
  117  9:08  Supply Depot  
  117  9:13  Supply Depot  
  117  9:16  Marauder, Marine x4  
  123  9:25  Missile Turret  
  123  9:31  Supply Depot  
  123  9:32  Supply Depot x2  
  123  9:33  Supply Depot  
  123  9:34  Marauder, Marine x8, Supply Depot  
  123  9:37  Concussive Shells  
  123  9:38  Marauder  
  135  9:44  Medivac  
  135  9:45  Missile Turret  
  137  9:50  Orbital Command  
  137  9:51  Marine x4  
  137  9:52  Marine x4  
  145  9:53  SCV x2  
  145  9:54  SCV  
  145  9:55  Marauder, Supply Depot  
  145  9:59  Marauder  
  152  10:01  Missile Turret  
  152  10:05  Missile Turret  
  150  10:09  Marine x4, Missile Turret  
  150  10:10  Missile Turret  
  154  10:14  Medivac  
  154  10:15  Missile Turret  
  154  10:16  Marauder  
  154  10:19  Missile Turret  
  154  10:20  Marauder  
  160  10:30  Missile Turret  
  157  10:38  Marauder  
  154  10:50  SCV x4  
  151  11:02  SCV x4  
  133  11:14  SCV x4  
  133  11:17  Factory Tech Lab  
  134  11:26  SCV x4  
  138  11:38  SCV x3  
  113  11:52  Marauder  
  113  11:53  Marauder, Marine x8  
  85  12:04  Thor x2  
  85  12:10  Marine  
  85  12:11  Marine x7  
  85  12:14  Marauder x2  
  93  12:25  SCV  
  93  12:26  SCV x2  
  93  12:27  Missile Turret  
  93  12:28  Marine  
  93  12:29  Marine x7  
  104  12:30  Missile Turret, Viking  
  104  12:31  Orbital Command, Missile Turret  
  104  12:35  Marauder  
  104  12:36  Marauder  
  110  12:38  SCV x3  
  104  12:46  Marine  
  104  12:47  Widow Mine x2, Marine x7  
  104  12:48  Missile Turret  
  104  12:50  SCV  
  116  12:55  Missile Turret x2  
  116  12:56  Marauder, Missile Turret  
  116  12:57  Marauder  
  119  13:04  Marine x8  
  127  13:07  Armory  
  127  13:10  Terran Infantry Weapons Level 2  
  127  13:18  Marauder x2  
  131  13:45  Missile Turret x2  
  131  13:47  Missile Turret  
  131  13:49  Missile Turret  
  129  14:08  Missile Turret  
  83  14:24  Marauder x2, Marine x8  
  83  14:27  Thor  
  83  14:28  Thor  
  83  14:30  Viking  
  102  14:42  Marine x8  
  102  14:45  Marauder x2  
  113  14:55  Terran Infantry Armor Level 2  
  113  14:56  Terran Vehicle And Ship Armor Level 1, Terran Vehicle Weapons Level 1  
  113  14:59  Marine  
  113  15:05  Medivac  
  116  15:13  SCV  
  116  15:14  SCV x2  
  119  15:26  Sensor Tower  
  117  15:35  Medivac  
  110  15:46  Missile Turret  
  110  16:02  SCV x4  
  114  16:05  Missile Turret, Medivac  
  116  16:14  SCV x3  
  112  16:39  Thor x2  
  119  17:22  Thor x2  
  125  17:23  Orbital Command  
  107  17:38  Marauder x2, Marine  
  107  17:39  Marine x7  
  99  17:56  Marine  
  99  17:57  Marine x7  
  95  17:59  Marauder x2  
  95  18:05  Thor  
  105  18:14  Marine  
  105  18:15  Marine x7  
  113  18:21  Marauder x2  
  117  18:32  Marine x8  
  117  18:42  Marauder x2  
  121  18:50  Marine x8  
  129  19:03  Marauder x2  
  129  19:08  Marine x3  
  136  19:11  Command Center  
  136  19:18  Refinery  
  136  19:25  Refinery, Marauder x2  
  136  19:26  Refinery, SCV  
  136  19:27  SCV x3  
  144  19:36  Command Center  
  144  19:38  SCV  
  145  19:46  Sensor Tower  
Show
View Real Time Build Order
Export as new Build Order

Plikis Zerg 

Build Orders: Hatch First, Muta Ling Bane, Swarm Host 

Get SALT Encoding   

  12  0:02  Drone  
  13  0:09  Drone  
  14  0:16  Overlord  
  14  0:35  Drone x2  
  16  0:49  Hatchery  
  15  0:52  Drone  
  16  1:03  Drone  
  17  1:11  Spawning Pool  
  17  1:17  Drone, Extractor  
  17  1:18  Drone  
  17  1:26  Drone  
  18  1:36  Drone  
  19  1:50  Overlord  
  19  1:58  Queen  
  21  2:02  Queen  
  21  2:05  Drone  
  21  2:07  Zergling x4  
  26  2:23  Drone x3  
  29  2:33  Hatchery  
  28  2:48  Drone x5  
  33  2:55  Metabolic Boost  
  33  3:03  Extractor  
  31  3:22  Zergling x4  
  31  3:26  Queen  
  35  3:28  Overlord x2  
  35  3:46  Drone  
  35  3:47  Drone x7  
  43  4:14  Queen  
  43  4:16  Drone x9  
  54  4:33  Zergling x6  
  57  4:40  Drone  
  57  4:42  Overlord x2  
  57  4:43  Overlord  
  58  4:53  Spine Crawler x2  
  58  4:56  Evolution Chamber  
  55  5:00  Evolution Chamber  
  48  5:30  Drone  
  48  5:31  Drone x8  
  57  5:38  Lair, Spore Crawler  
  57  5:39  Drone x3  
  57  5:40  Drone x6  
  65  5:45  Zerg Melee Weapons Level 1, Zerg Ground Armor Level 1  
  65  5:52  Baneling Nest  
  61  6:08  Extractor  
  60  6:15  Queen  
  62  6:19  Drone x11  
  62  6:20  Drone x4  
  62  6:22  Extractor  
  62  6:23  Extractor  
  69  6:42  Zergling x2  
  63  6:53  Drone x3  
  63  7:06  Drone  
  63  7:07  Drone x2  
  63  7:08  Drone x3  
  69  7:18  Zergling x2  
  69  7:19  Zergling x8  
  74  7:26  Hatchery, Pneumatized Carapace  
  74  7:27  Hatchery  
  74  7:29  Hatchery  
  70  7:44  Extractor  
  68  7:58  Overlord x2  
  68  7:59  Overlord x3  
  68  8:04  Centrifical Hooks  
  68  8:05  Spire  
  67  8:06  Spire  
  67  8:11  Infestation Pit  
  65  8:16  Drone  
  66  8:38  Drone x3  
  66  8:39  Drone x16  
  85  8:55  Overlord  
  85  8:56  Overlord  
  85  9:01  Extractor  
  84  9:04  Spore Crawler  
  84  9:05  Spore Crawler  
  84  9:06  Drone x3  
  84  9:07  Spine Crawler  
  84  9:25  Mutalisk, Zerg Flyer Armor Level 1, Zerg Flyer Weapons Level 1  
  84  9:26  Mutalisk x15  
  116  9:46  Zergling x10  
  116  9:47  Zergling x14  
  128  9:57  Extractor  
  127  10:11  Overseer  
  114  10:58  Mutalisk x5  
  114  10:59  Mutalisk x5  
  111  11:18  Zergling x2  
  111  11:19  Zergling x18  
  111  11:20  Zergling x2  
  111  11:22  Overlord x2  
  92  11:47  Mutalisk  
  92  11:48  Mutalisk x7  
  92  11:53  Queen x2  
  92  11:54  Queen x2  
  108  12:02  Drone  
  108  12:03  Drone x2  
  111  12:39  Hatchery  
  111  12:41  Hatchery  
  105  12:54  Zergling x8  
  105  12:55  Zergling x14  
  114  13:09  Overseer x2  
  114  13:18  Spore Crawler  
  113  13:25  Baneling x10  
  113  13:26  Baneling x12  
  113  13:30  Neural Parasite  
  113  13:36  Overlord x3  
  113  13:37  Overlord x3  
  107  13:54  Zergling x2  
  108  13:56  Zergling x2  
  108  13:57  Zergling x26  
  95  14:22  Zergling x2  
  95  14:23  Zergling x16  
  72  14:36  Swarm Host  
  72  14:37  Swarm Host x8  
  98  14:51  Drone  
  98  14:52  Drone x4, Queen  
  100  14:53  Queen x3  
  100  14:58  Hydralisk Den  
  107  15:01  Evolution Chamber  
  105  15:29  Hive  
  101  16:00  Burrow  
  101  16:06  Hatchery, Zerg Flyer Armor Level 2, Zerg Flyer Weapons Level 2  
  100  16:22  Hatchery  
  97  16:29  Zergling x12  
  97  16:30  Zergling x24  
  91  16:55  Baneling  
  91  16:56  Baneling x14  
  91  16:58  Baneling x5  
  91  17:00  Hydralisk  
  91  17:01  Hydralisk x5  
  99  17:16  Hydralisk x6  
  84  17:39  Zergling x2  
  84  17:40  Zergling x10  
  82  17:46  Hydralisk x5  
  86  17:55  Zerg Missile Weapons Level 1  
  86  17:57  Grooved Spines  
  78  18:03  Zergling x4  
  78  18:04  Zergling x4  
  69  18:31  Hatchery  
  63  18:40  Hatchery  
  62  18:49  Mutalisk x4  
  62  18:50  Mutalisk x5  
  62  18:51  Hatchery  
  79  18:57  Hatchery  
  79  19:00  Hatchery  
  77  19:04  Mutalisk  
  77  19:05  Mutalisk x2  
  83  19:22  Queen  
  83  19:23  Queen x2  
  89  19:33  Corruptor  
  89  19:34  Corruptor x3  
  97  19:39  Extractor  
  96  19:46  Overlord x2  
Tags
 
Add a new tag
Caveats
  • Supply blocks, unpowered buildings, or Contaminate may cause inaccurate times.
  • Supply counts are checked every 10 seconds.